 Dungeon Sprint DCSS version 0.27.1-33-g824d729ab1 (webtiles) character file.

Game seed: 11725664633399989062

609 Adenis the Unseen (level 7, -13/55 HPs)
             Began as a Vampire Brigand on Dec 4, 2021.
             Was an Initiate of Makhleb.
             Mangled by Sonja (20 damage)
             ... in the Dungeon (Sprint I: "Red Sonja").
             The game lasted 00:04:04 (317 turns).

Adenis the Unseen (Vampire Brigand)                  Turns: 317, Time: 00:04:04

Health: -13/55     AC:  3    Str: 10    XL:     7   Next: 19%
Magic:  7/7        EV: 13    Int: 14    God:    Makhleb [......]
Gold:   405        SH:  0    Dex: 17    Spells: 6/6 levels left

rFire    . . .     SeeInvis +   l - +0 dagger (venom)
rCold    . . .     Faith    .   (no shield)
rNeg     . . .     Spirit   .   b - +0 robe
rPois    .         Reflect  .   (no helmet)
rElec    .         Harm     .   c - +0 cloak
rCorr    .         Rampage  .   (no gloves)
Will     .....     NoTele   +   (no boots)
Stlth    +++++++...             (no amulet)
HPRegen  0.38/turn              (no ring)
MPRegen  0.10/turn              (no ring)

@: healing quickly
A: alive, fangs 3, see invisible, vampiric 2
a: Exsanguinate, Renounce Religion


You were in the Dungeon.
You worshipped Makhleb.
Makhleb was noncommittal.
You visited 1 branch You collected 405 gold pieces.

Inventory:

Hand Weapons
 a - a +2 dagger
 l - a +0 dagger of venom (weapon)
Missiles
 d - 8 poisoned darts (quivered)
 e - 2 curare-tipped darts
Armour
 b - a +0 robe (worn)
 c - a +0 cloak (worn)
Wands
 f - a wand of digging (8)
Scrolls
 k - a scroll of blinking
Potions
 g - a potion of heal wounds
 h - a potion of haste
 i - 2 potions of magic
 j - a potion of berserk rage
 m - a potion of resistance {unknown}


   Skills:
 + Level 4.6 Fighting
 + Level 6.4 Short Blades
 + Level 3.9 Throwing
 + Level 2.8 Dodging
 + Level 18.7 Stealth


You had 6 spell levels left.
You didn't know any spells.
Your spell library contained the following spells:

 Spells                   Type           Power      Damage    Failure   Level
 Call Canine Familiar     Summ           0%         N/A       65%         3
 Portal Projectile        Hex/Tloc       0%         N/A       65%         3
 Leda's Liquefaction      Hex/Erth       0%         N/A       96%         4


Dungeon Overview and Level Annotations

Branches:
Dungeon (1/1)

Altars:
Cheibriados
Dithmenos
Elyvilon
Fedhas
Gozag
Hepliaklqana
Kikubaaqudgha
Makhleb
Nemelex Xobeh
Okawaru
Qazlal
Ru
Sif Muna
Trog
Uskayaw
Vehumet
Wu Jian
Xom
Yredelemnul
Zin
The Shining One
Jiyva
Lugonu

Shops:
D (

Annotations:
D Sonja


Innate Abilities, Weirdness & Mutations

Your natural rate of healing is accelerated.
You have razor-sharp teeth.
You have supernaturally acute eyesight. (SInv)
You are afflicted with vampirism and can become a bat while bloodless.


Message History

There is a shimmering altar of Xom here.
You open the door.
Found 108 gold pieces.
There is an open door here.
You now have 324 gold pieces (gained 27).
You now have 351 gold pieces (gained 27).
You now have 378 gold pieces (gained 27).
You now have 405 gold pieces (gained 27).
There is an open door here.
There is an open door here.
There is an open door here.
There is a shimmering blue altar of Sif Muna here.
You open the door.
Found a robe.
There is an open door here.
You see here a +0 robe.
There is an open door here.
There is a shimmering blue altar of Sif Muna here.
You open the door.
Sonja, the Graceful Assassin comes into view.
She is wielding a +0 short sword of distortion and quivering curare-tipped darts.
Sonja shouts!
Found 108 gold pieces.
You close the door.
Sonja opens the door.
You close the door.
Sonja opens the door.
You close the door.
Sonja opens the door.
Sonja throws a curare-tipped dart.
The curare-tipped dart closely misses you.
Sonja hits you with a +0 short sword of distortion!
Space bends around you. Sonja barely misses you. Sonja misses you.
There is an open door, spattered with blood here.
You completely miss Sonja.
Sonja shouts, "Too slow!"
Sonja hits you with a +0 short sword of distortion!
Space bends around you.
Sonja hits you with a +0 short sword of distortion.
Space warps horribly around you!!
* * * LOW HITPOINT WARNING * * *
Sonja hits you with a +0 short sword of distortion.
* * * LOW HITPOINT WARNING * * *
Space warps horribly around you!!
You die...

#<.#.['..#..'..#__#..+
#..'..#.)').#..'..'..#
#..#####'#####'#__####
#..####..#...#.####
#..#__####..##.#
#..#_____##'#_.+
#⌠⌠#_.∩...'..._#
####_..__##_.#'#
#_____###@#[# #######
#K### $.$ #$.$# ##.##
#+#


You could see Sonja.

Vanquished Creatures
  A slime creature (D)
  A yak (D)
  Sigmund (D)
  An ogre (D)
  A jelly (D)
  Ijyb (D)
6 creatures vanquished.

Notes
Turn   | Place    | Note
-------+----------+-------------------------------------------
     0 | D        | Adenis the Vampire Brigand began the quest for the Orb.
     0 | D        | Reached XP level 1. HP: 16/16 MP: 1/1
     2 | D        | Noticed Ijyb
    11 | D        | Killed Ijyb
    12 | D        | Reached skill level 9 in Stealth
    12 | D        | Reached XP level 2. HP: 3/22 MP: 2/2
    44 | D        | Noticed an ogre
    47 | D        | Killed an ogre
    48 | D        | Reached skill level 12 in Stealth
    48 | D        | Gained mutation: You are afflicted with vampirism and can
                  | become a bat while bloodless. [Vampire growth]
    48 | D        | Reached XP level 3. HP: 29/29 MP: 3/3
    48 | D        | Reached XP level 4. HP: 35/35 MP: 4/4
    59 | D        | Noticed Sigmund
    69 | D        | Killed Sigmund
    70 | D        | Reached skill level 15 in Stealth
    70 | D        | Reached XP level 5. HP: 31/42 MP: 5/5
    84 | D        | Found an ornate altar of the Wu Jian Council.
    84 | D        | Found a shimmering blue altar of Sif Muna.
    86 | D        | Found a radiant altar of Vehumet.
    95 | D        | Reached skill level 16 in Stealth
    95 | D        | Reached XP level 6. HP: 12/48 MP: 6/6
   209 | D        | Found Ushram's Weapon Emporium.
   209 | D        | Found an ancient bone altar of Kikubaaqudgha.
   209 | D        | Found a hazy altar of Hepliaklqana.
   209 | D        | Found a stormy altar of Qazlal.
   209 | D        | Found a hide-covered altar of Uskayaw.
   209 | D        | Found a blossoming altar of Fedhas.
   209 | D        | Found a bloodstained altar of Trog.
   209 | D        | Found an iron altar of Okawaru.
   209 | D        | Found a basalt altar of Yredelemnul.
   209 | D        | Found a snail-covered altar of Cheibriados.
   209 | D        | Found a sacrificial altar of Ru.
   209 | D        | Found a shadowy altar of Dithmenos.
   209 | D        | Noticed a yak
   210 | D        | Found an opulent altar of Gozag.
   211 | D        | Killed a yak
   212 | D        | Reached skill level 5 in Short Blades
   212 | D        | Reached skill level 17 in Stealth
   212 | D        | Found a sparkling altar of Nemelex Xobeh.
   271 | D        | Found a burning altar of Makhleb.
   271 | D        | Found a viscous altar of Jiyva.
   271 | D        | Found a shimmering altar of Xom.
   271 | D        | Found a corrupted altar of Lugonu.
   271 | D        | Noticed a slime creature
   274 | D        | Killed a slime creature
   275 | D        | Reached skill level 18 in Stealth
   275 | D        | Reached XP level 7. HP: 55/55 MP: 7/7
   280 | D        | Became a worshipper of Makhleb the Destroyer
   312 | D        | Noticed Sonja
   317 | D        | Mangled by Sonja

Illustrated notes

Levels and vault maps discovered:
D:        dungeon_sprint_1 [red_sonja_temple_1, red_sonja_temple_small_1]

Skill      XL: |  1  2  3  4  5  6 |
---------------+-------------------+-----
Fighting       | 2 3 4 |  4.6
Throwing       | 2 3 |  3.9
Stealth        | 9 12 15 16 18 | 18.7
Short Blades   | 3 4 6 |  6.4
Dodging        | 2 |  2.8

Action                   |  1- 3 |  4- 6 |  7- 9 || total
-------------------------+-------+-------+-------++-------
Melee: Dagger            |     8 |    18 |     1 ||    27
       Bite              |     1 |     3 |       ||     4
  Use: Potion            |     1 |       |       ||     1
 Stab: Sleeping          |     2 |     2 |       ||     4
Armor: Robe              |       |     2 |       ||     2
Dodge: Dodged            |     3 |     5 |     3 ||    11
